 Dungeon Crawl Stone Soup version 0.27.1-34-g3ba077fa99 (webtiles) character file.

Game seed: 10426409005165662085

265 DrunkBamboolord the Poker (level 6, -2/43 HPs)
             Began as an Octopode Fighter on Jan 14, 2022.
             Slain by a two-headed ogre (27 damage)
             ... on level 4 of the Dungeon.
             The game lasted 00:07:10 (3488 turns).

DrunkBamboolord the Poker (Octopode Fighter)        Turns: 3488, Time: 00:07:12

Health: -2/43      AC:  1    Str: 17    XL:     6   Next: 20%
Magic:  8/8        EV: 15    Int: 11    God:
Gold:   136        SH:  9    Dex: 11    Spells: 6/7 levels left

rFire    . . .     SeeInvis .   a - +1 trident
rCold    . . .     Faith    .   b - +0 kite shield
rNeg     . . .     Spirit   .   (helmet restricted)
rPois    .         Reflect  .   (no amulet)
rElec    .         Harm     .   j - +4 ring of evasion
rCorr    .         Rampage  .   (no ring)
Will     .....                  (no ring)
Stlth    ++........             (no ring)
HPRegen  0.14/turn              (no ring)
MPRegen  0.11/turn              (no ring)
                                (no ring)
                                (no ring)

@: studying Maces & Flails
A: almost no armour, amphibious, 8 rings, camouflage 1, gelatinous body 1,
(nimble swimmer 1), tentacles
a: no special abilities


You were on level 4 of the Dungeon.
You visited 1 branch of the dungeon, and saw 4 of its levels.

You collected 136 gold pieces.

Inventory:

Hand Weapons
 a - a +1 trident (weapon)
 i - a +0 hand crossbow of freezing
Missiles
 o - 12 poisoned darts (quivered)
Armour
 b - a +0 kite shield (worn)
Jewellery
 j - a +4 ring of evasion (left tentacle)
Scrolls
 e - a scroll of fog
 h - a scroll of fear
 k - a scroll of magic mapping
 l - a scroll of teleportation {unknown}
 n - a scroll of silence {unknown}
 q - a scroll of immolation {unknown}
Potions
 c - 2 potions of might
 d - a potion of attraction
 f - a potion of curing {unknown}
 g - a potion of heal wounds {unknown}
 m - a potion of resistance {unknown}
 p - a potion of berserk rage {unknown}


   Skills:
 * Level 3.7 Fighting
 * Level 4.3 Polearms
 * Level 3.9 Dodging
 * Level 3.7 Shields
 * Level 1.4 Spellcasting


You had 6 spell levels left.
You knew the following spells:

 Your Spells              Type           Power      Damage    Failure   Level
a - Corona                Hex            0%         N/A       78%         1

Your spell library contained the following spells:

 Spells                   Type           Power      Damage    Failure   Level
 Ensorcelled Hibernation  Hex/Ice        0%         N/A       89%         2
 Ozocubu's Armour         Ice            0%         N/A       98%         3
 Tukima's Dance           Hex            0%         N/A       98%         3
 Blade Hands              Tmut           0%         N/A       100%        5
 Iron Shot                Conj/Erth      0%         9d1       100%        6
 Ozocubu's Refrigeration  Ice            0%         4d5       100%        7
 Animate Armour           Summ/Erth      Unusable   N/A       N/A         4

Dungeon Overview and Level Annotations

Branches:
Dungeon (4/15)
 Temple: D:4-7

Altars:
Hepliaklqana
The Shining One


Innate Abilities, Weirdness & Mutations

You cannot wear most types of armour.
You are amphibious.
You can wear up to eight rings at the same time.
Your skin changes colour to match your surroundings (Stealth+).
Your rubbery body absorbs attacks. (AC +1, EV +1)
((You are camouflaged near water. (Stealth+)))
You have tentacles for arms and can constrict up to eight enemies at once.


Message History

The bullfrog is almost dead.
You constrict the bullfrog. You block the bullfrog's attack.
The bullfrog closely misses you. The bullfrog hits you!
You hit the bullfrog.
The bullfrog is almost dead.
You constrict the bullfrog.
You kill the bullfrog!
Your Polearms skill increases to level 4!
You have reached level 6!
Your experience leads to an increase in your attributes!
Increase (S)trength, (I)ntelligence, or (D)exterity?
You feel clever.
Magic restored.
You pick up a manual of Maces & Flails and begin studying.
You see here a bullfrog corpse.
Okay, then.
A two-headed ogre comes into view.
It is wielding a +0 giant club and a +0 giant spiked club.
Found a ring mail and a scroll of identify.
The helpless two-headed ogre fails to defend itself.
You puncture the two-headed ogre! You squeeze the two-headed ogre!
The two-headed ogre is moderately wounded.
The two-headed ogre closely misses you. You block the two-headed ogre's attack.
You barely miss the two-headed ogre. You squeeze the two-headed ogre!
The two-headed ogre is heavily wounded.
The two-headed ogre barely misses you.
The two-headed ogre hits you with a +0 giant spiked club!!
You hear an angry hiss.
You hear a shout!
You hit the two-headed ogre. You squeeze the two-headed ogre.
The two-headed ogre is heavily wounded.
An adder comes into view.
You block the two-headed ogre's attack.
The two-headed ogre completely misses you.
The adder hisses angrily.
You puncture the two-headed ogre!
The two-headed ogre is severely wounded.
The two-headed ogre barely misses you. x2
The two-headed ogre closely misses you.
The two-headed ogre hits you with a +0 giant spiked club!!
Ouch! That really hurt!
You die...

.## # .. .?. .+ #.. ..#
..# ..... ... #.# #..##.
).. ..# #S# #...... ...
#.# #O#.#.... ...
..###@.#..# .# #.#
#.#.#.#..##.# #.#
#†###...##.# #)# #.#.#..##
#.# #.####.
#..###..#####.###.#....
#...#..................
..###....#####.###.###..
.........................
...##.###..#####.###.###..


You could see a two-headed ogre and an adder.

Vanquished Creatures
  A bullfrog (D:4)
  Natasha (thrice) (D:2)
  3 gnolls (D:4)
  3 adders
  A worm (D:2)
  A dart slug (D:1)
  2 orcs
  6 ball pythons
  An endoplasm (D:1)
  A giant cockroach (D:2)
  4 goblins
  5 hobgoblins
  7 jackals
  5 quokkas (D:1)
  2 bats
  5 frilled lizards
  7 kobolds
  10 rats
67 creatures vanquished.

Notes
Turn   | Place    | Note
-------+----------+-------------------------------------------
     0 | D:1      | DrunkBamboolord the Octopode Fighter began the quest for
                  | the Orb.
     0 | D:1      | Reached XP level 1. HP: 16/16 MP: 1/1
   303 | D:1      | Reached XP level 2. HP: 21/21 MP: 2/2
   668 | D:1      | Reached XP level 3. HP: 26/26 MP: 3/3
  1064 | D:2      | Noticed Natasha
  1071 | D:2      | Killed Natasha
  1072 | D:2      | Reached XP level 4. HP: 20/31 MP: 3/5
  1347 | D:2      | Noticed Natasha
  1358 | D:2      | Killed Natasha
  1359 | D:2      | Reached skill level 3 in Polearms
  1505 | D:2      | Reached skill level 1 in Spellcasting
  1683 | D:2      | Noticed Natasha
  1694 | D:2      | Killed Natasha
  1695 | D:2      | Reached XP level 5. HP: 26/36 MP: 6/6
  2493 | D:3      | Learned a level 1 spell: Corona
  2766 | D:3      | Found a hazy altar of Hepliaklqana.
  2766 | D:3      | Found a glowing golden altar of the Shining One.
  3354 | D:4      | Reached skill level 4 in Polearms
  3354 | D:4      | Reached XP level 6. HP: 25/43 MP: 6/8
  3484 | D:4      | Noticed a two-headed ogre
  3488 | D:4      | Slain by a two-headed ogre

Illustrated notes

Levels and vault maps discovered:
D:1:      dpeg_arrival_erosion, layout_loops_ring, minmay_close_crescents
D:2:      layout_loops_ring, minmay_3d_cube, uniq_natasha
D:3:      layout_loops_cross, gammafunk_temple_overflow_pools, serial_forest,
          infiniplex_forest_clump_curved, infiniplex_forest_straight_5,
          infiniplex_forest_clump_medium, infiniplex_forest_lined_2,
          infiniplex_forest_split, infiniplex_forest_zigzag_2,
          infiniplex_forest_lined_3, infiniplex_forest_clump_cross,
          infiniplex_forest_lined_3_way, infiniplex_forest_fountain,
          minmay_misc_feat_five, hangedman_decor_lopped, grunt_decor_junction
D:4:      layout_basic, corexii_hall_statues_i, minmay_manual_mail, uniq_ijyb

Skill      XL: |  1  2  3  4  5 |
---------------+----------------+-----
Polearms       | 3 4 |  4.3
Spellcasting   | 1 |  1.4
Fighting       | |  3.7
Dodging        | |  3.9
Shields        | |  3.7

Action                   |  1- 3 |  4- 6 || total
-------------------------+-------+-------++-------
Melee: Trident           |    69 |    84 ||   153
       Constrict         |    18 |    16 ||    34
       Tentacles         |     9 |    14 ||    23
  Use: Scroll            |     1 |     5 ||     6
 Stab: Sleeping          |     5 |     7 ||    12
Armor: Skin              |     7 |     1 ||     8
Dodge: Dodged            |    24 |    28 ||    52
Block: Kite shield       |    19 |    20 ||    39
